 Dungeon Crawl Stone Soup version 0.31-a0-819-gf6de2f5ab6 (webtiles) character file.

Game seed: 10299802105567766156

102 Danienth the Cudgeller (level 5, 0/47 HPs)
             Began as a Meteoran Cinder Acolyte on Sept 25, 2023.
             Was a Priest of Ignis.
             Slain by Sigmund
             ... wielding a +0 scythe
              (6 damage)
             ... on level 2 of the Dungeon.
             The game lasted 00:05:40 (600 turns).

Danienth the Cudgeller (Meteoran Cinder Acolyte)     Turns: 600, Time: 00:05:41

Health: 0/47       AC:  2    Str: 15    XL:     5   Next: 28%
Magic:  8/8        EV: 12    Int: 15    God:    Ignis [***...]
Gold:   25         SH:  0    Dex: 12    Spells: 4/6 levels left

rFire   + . .        a - -1 mace (flame)
rCold   . . .        (no shield)
rNeg    . . .        b - +0 robe
rPois   .            (no helmet)
rElec   .            (no cloak)
rCorr   .            (no gloves)
SInv    .            (no boots)
Will    .....        (no amulet)
Stlth   +            (no ring)
HPRegen 0.27/turn    (no ring)
MPRegen 0.11/turn

%: no passive effects
@: mighty, glowing
A: sense surroundings 1, otherworldly, glowing, explore regen
a: Renounce Religion, Fiery Armour, Foxfire Swarm, Rising Flame


You were on level 2 of the Dungeon.
You worshipped Ignis.
Ignis was most pleased with you.
You visited 1 branch of the dungeon, and saw 2 of its levels.

You collected 25 gold pieces.

Inventory:

Hand Weapons
 a - a -1 mace of flaming (weapon)
 c - a +2 vampiric dagger
Missiles
 e - a boomerang (quivered)
Armour
 b - a +0 robe (worn)
Potions
 d - a potion of cancellation {unknown}
 f - a potion of heal wounds {unknown}


   Skills:
 * Level 4.3 Fighting
 * Level 5.2 Maces & Flails
 * Level 2.4 Dodging
 - Level 1.3 Spellcasting
 - Level 3.6 Fire Magic


You had 4 spell levels left.
You knew the following spells:

 Your Spells              Type           Power      Damage    Failure   Level
a - Scorch                Fire           22%        2d5       9%          2

Your spell library contained the following spells:

 Spells                   Type           Power      Damage    Failure   Level
 Summon Small Mammal      Summ           4%         N/A       24%         1
 Call Canine Familiar     Summ           1%         N/A       56%         3
 Summon Guardian Golem    Hex/Summ       1%         N/A       56%         3


Dungeon Overview and Level Annotations

Branches:
Dungeon (2/15) Zot: 589

Altars:

Annotations:
D:2 Sigmund


Innate Abilities, Weirdness & Mutations

You passively map a small area around you.
You are easily found by Zot.
You glow in the dark.
You regain HP and MP as you explore.


Message History

Sigmund points at you and mumbles some strange words.
You are more confused.
You closely miss Sigmund.
Sigmund is lightly wounded.
Sigmund gestures at you while chanting. You resist with some effort.
You barely miss Sigmund.
Sigmund is lightly wounded.
Sigmund hits you with a +0 scythe! Sigmund completely misses you.
You bump into the rock wall.
Sigmund closely misses you.
You barely miss Sigmund.
Sigmund is lightly wounded.
Sigmund says, "Your kind have come here before.
I understand now why.
You desire death..."
Sigmund misses you.
You miss Sigmund.
Sigmund is lightly wounded.
You bump into the rock wall.
Sigmund casts a spell.
Sigmund flickers and vanishes!
Deactivating autopickup; reactivate with Ctrl-A.
Something hits you.
* * * LOW HITPOINT WARNING * * *
A magic dart appears from out of thin air!
The magic dart hits you!
* * * LOW HITPOINT WARNING * * *
You feel less confused.
Activating: Foxfire Swarm
Press: ? - help, Dir - look around, f - activate Flames leap up around you!
The foxfire hits something but does no damage.
The foxfire hits something. x2
The foxfire hits something but does no damage.
The foxfire hits something.
The foxfire hits something but does no damage. x2
The foxfire hits something.
Activating: Foxfire Swarm
Press: ? - help, Dir - look around, f - activate Flames leap up around you!
Something hits you.
You die...

#.# #.#* #.....# #.# ,...
,#####.# #.#######** ###, , #..
#........ ,, * #######.# ###
#.####### * #.......####### #.#
,, , #.########.....
#.############ *##.########.####
.............# ###{..........# #
##.#########.###@#.v########## #
##.# #.##vvv..###### # ##.##
#.#vvvvv......# ..†.####
#...§.§..####.######## ..#....#
#.........###.#.....>. ....##.#
##.....................
....##.####........#####.#.######
##...........##...## #.#.#
##.##.####.####.## #.#.# #


There were no monsters in sight!

Vanquished Creatures
  Jessica (D:2)
  An orc wizard (D:2)
  4 adders (D:2)
  A dart slug (D:2)
  2 orcs (D:2)
  A ball python (D:1)
  2 endoplasms (D:2)
  A giant cockroach (D:2)
  A goblin (D:2)
  A kobold (D:2)
  A rat (D:2)
16 creatures vanquished.

Vanquished Creatures (others)
  8 foxfires (D:2)
8 creatures vanquished.

Grand Total: 24 creatures vanquished

Notes
Turn   | Place    | Note
-------+----------+-------------------------------------------
     0 | D:1      | Danienth the Meteoran Cinder Acolyte began the quest for
                  | the Orb.
     0 | D:1      | Reached XP level 1. HP: 19/19 MP: 3/3
    48 | D:2      | Reached skill level 1 in Dodging
    48 | D:2      | Reached XP level 2. HP: 18/26 MP: 5/5
    63 | D:2      | Reached XP level 3. HP: 25/33 MP: 6/6
   195 | D:2      | Noticed Jessica
   197 | D:2      | Killed Jessica
   198 | D:2      | Reached XP level 4. HP: 40/40 MP: 7/7
   245 | D:2      | Learned a level 2 spell: Scorch
   408 | D:2      | Reached skill level 5 in Maces & Flails
   422 | D:2      | Reached XP level 5. HP: 21/47 MP: 8/8
   441 | D:2      | Found a faded altar of an unknown god.
   563 | D:2      | Noticed Sigmund
   600 | D:2      | Slain by Sigmund

Illustrated notes

Levels and vault maps discovered:
D:1:      dpeg_arrival_fog, layout_basic, serial_shops, shop, kennysheep_doodads
D:2:      layout_loops_ring, basic_altar,
          shapermc_ecumenical_altar_mp_urbaneastern, minmay_pentomino_p2,
          uniq_sigmund, uniq_jessica

Skill      XL: |  1  2  3  4 |
---------------+-------------+-----
Dodging        | 1 2 |  2.4
Fighting       | 4 |  4.3
Maces & Flails | 5 |  5.2
Spellcasting   | |  1.3
Fire Magic     | |  3.6

Action                     |  1- 3 |  4- 6 || total
---------------------------+-------+-------++-------
  Melee: Mace              |    20 |    38 ||    58
 Invoke: Fiery Armour      |     2 |     1 ||     3
         Foxfire Swarm     |       |     2 ||     2
    Use: Potion            |       |     1 ||     1
 Armour: Robe              |    16 |    32 ||    48
  Dodge: Dodged            |    12 |    23 ||    35

Table legend: (Time is in decaauts)
 A = Elapsed time spent in this place.
 B = Non-inter-level travel time spent in this place.
 C = Inter-level travel time spent in this place.
 D = Time resting spent in this place.
 E = Time spent auto-exploring this place.
 F = Levels seen in this place.
 G = Mean time per level.
                   A        B        C        D        E       F      G
               +--------+--------+--------+--------+--------+-----+--------+
         Total |    609 |    599 |     10 |      0 |    426 |   2 |  304.5 |
       Dungeon |    609 |    599 |     10 |      0 |    426 |   2 |  304.5 |
               +--------+--------+--------+--------+--------+-----+--------+

Top non-repeatable levels by time:
     D:2: 569 daAuts
     D:1: 40 daAuts
